 Dungeon Crawl Stone Soup version 0.16.1-4-g8e1b745 (webtiles) character file.

98 roverover the Sneak (level 4, -6/36 HPs)
             Began as a Naga Ice Elementalist on Mar 27, 2015.
             Killed from afar by Sigmund (10 damage)
             ... with a magic dart
             ... on level 2 of the Dungeon.
             The game lasted 00:05:49 (1454 turns).

roverover the Sneak (Naga Ice Elementalist)         Turns: 1454, Time: 00:05:50

Health: -6/36      AC:  2    Str: 15    XL:     4   Next: 69%
Magic:  2/7        EV: 10    Int: 16    God:
Gold:   51         SH:  0    Dex: 12    Spells: 2 memorised, 2 levels left

rFire  + . .     SeeInvis +     w - +0 flail
rCold  + . .     Clarity  .     a - +0 robe
rNeg   . . .     SustAb   .     (no shield)
rPois  +         Gourm    .     (no helmet)
rElec  +         Spirit   .     (no cloak)
rCorr  +         Warding  .     (no gloves)
rMut   .         Stasis   .     (no barding)
MR     .....                    (no amulet)
Stlth  +++.......               (no ring)
                                (no ring)

@: mighty, resistant, very slow, not resistant to hostile enchantments, fairly
stealthy
A: spit poison, see invisible, deformed body, poison resistance, slowness 2, AC
+1
a: Spit Poison


You were on level 2 of the Dungeon.
You were hungry.

You visited 1 branch of the dungeon, and saw 2 of its levels.

You collected 51 gold pieces.

Inventory:

Hand weapons
 e - a +0 club
 f - a +0 dagger
 w - a +0 flail (weapon)
Missiles
 i - 16 poisoned needles
 q - 83 stones (quivered)
Armour
 a - a +0 robe (worn)
Jewellery
 g - an uncursed ring of see invisible {unknown}
Magical devices
 s - a wand of frost (25)
Scrolls
 d - a scroll of amnesia {unknown}
 h - a scroll of magic mapping {unknown}
 k - 2 scrolls of identify {unknown}
 l - a scroll of fog {unknown}
 n - a scroll of teleportation {unknown}
 p - a scroll of recharging {unknown}
 u - a scroll of noise {unknown}
 v - a scroll of remove curse {unknown}
Books
 b - a book of Frost

   Spells                             Type                      Level
   a - Freeze                         Ice                          1
   b - Throw Frost                    Conjuration/Ice              2
   c - Ozocubu's Armour               Charms/Ice                   3
   d - Throw Icicle                   Conjuration/Ice              4
   e - Summon Ice Beast               Ice/Summoning                4
   f - Condensation Shield            Ice                          4
Comestibles
 c - 3 bread rations
 j - a meat ration
 r - a slice of pizza
 t - 4 chunks of flesh


   Skills:
 - Level 1.5 Dodging
 - Level 5.0 Stealth
 - Level 2.0 Spellcasting
 - Level 1.0 Conjurations
 + Level 4.5 Ice Magic


You had 2 spell levels left.
You knew the following spells:

 Your Spells              Type           Power        Failure   Level  Hunger
a - Freeze                Ice            ###.         3%          1    #......
b - Throw Icicle          Conj/Ice       ##......     75%         4    #####..


Dungeon Overview and Level Annotations

Branches:
Dungeon (2/15)

Altars:
Gozag

Annotations:
D:2 Sigmund


Innate Abilities, Weirdness & Mutations

You cannot wear boots.
You can spit poison.
Your serpentine skin is tough (AC +1).
You have supernaturally acute eyesight.
Armour fits poorly on your strangely shaped body.
Your system is resistant to poisons.
You cover ground very slowly.


Message History

Casting: Freeze
Confirm with . or Enter, or press ? or * to list all spells.
Aiming: Freeze
Press: ? - help, Shift-Dir - straight line, f/p - Sigmund
Aim: Sigmund, wielding a scythe and wearing a glowing robe (heavily wounded)
You freeze Sigmund.
Sigmund is severely wounded.
You are feeling hungry.
The bat hits you but does no damage.
Casting: Freeze
Confirm with . or Enter, or press ? or * to list all spells.
Aiming: Freeze
Press: ? - help, Shift-Dir - straight line, f/p - Sigmund
Aim: Sigmund, wielding a scythe and wearing a glowing robe (severely wounded)
You freeze Sigmund.
Sigmund is almost dead.
The bat hits you but does no damage. Sigmund casts a spell at you.
The magic dart hits you!
You die...

#># .# #.###.#
### ##.#... ...
.....# #.#
#.#..# #.@
#.#..## #####.#
. #÷..... #...@#
.#.####..##
#.#b@#
#..<####(.#
#....##
#.##......#
##.##.###.#
#.##...# #.
##...# ###.###
#.
##.#######.....#
#.
#†.....#.8...8.
#†
######.#.......
#. #....._... .
###.......


You could see Sigmund and a bat.

Vanquished Creatures
  Terence (D:2)
  3 adders (D:2)
  2 gnolls (D:2)
  A ball python (D:2)
  8 goblins
  4 hobgoblins
  3 jackals (D:1)
  2 bats
  A giant cockroach (D:1)
  2 giant geckos
  6 giant newts
  3 kobolds (D:2)
  3 rats
39 creatures vanquished.

Notes
Turn   | Place    | Note
--------------------------------------------------------------
     0 | D:1      | roverover, the Naga Ice Elementalist, began the quest for the Orb.
     0 | D:1      | Reached XP level 1. HP: 15/15 MP: 3/3
   356 | D:1      | Reached XP level 2. HP: 22/22 MP: 4/4
   767 | D:2      | Reached skill level 4 in Stealth
   767 | D:2      | Reached XP level 3. HP: 24/28 MP: 4/6
   939 | D:2      | Noticed Terence
   998 | D:2      | Killed Terence
   998 | D:2      | Reached XP level 4. HP: 19/36 MP: 5/7
  1156 | D:2      | Reached skill level 5 in Stealth
  1165 | D:2      | Learned a level 4 spell: Throw Icicle
  1400 | D:2      | Found an opulent altar of Gozag.
  1420 | D:2      | Noticed Sigmund
  1454 | D:2      | Killed from afar by Sigmund

Action                   |  1- 3 |  4- 6 || total
-------------------------+-------+-------++-------
Melee: Club              |     1 |       ||     1
       Dagger            |    13 |     1 ||    14
       Flail             |       |     2 ||     2
Throw: Stone             |       |     4 ||     4
 Cast: Freeze            |     9 |     8 ||    17
 Abil: Spit Poison       |    30 |    14 ||    44
  Use: Potion            |       |     3 ||     3
 Stab: Sleeping          |     1 |       ||     1
  Eat: Chunk             |     2 |     2 ||     4
